 Dungeon Crawl Stone Soup version 0.29-a0-90-gc37658a0fe (webtiles) character file.

Game seed: 12654097550654126949

149 lordive the Ducker (level 5, 3/28 HPs)
             Began as a Spriggan Abyssal Knight on Feb 6, 2022.
             Was a Believer of Lugonu.
             Quit the game on level 3 of the Dungeon.
             The game lasted 00:04:39 (3719 turns).

lordive the Ducker (Spriggan Abyssal Knight)        Turns: 3719, Time: 00:04:40

Health: 3/28       AC:  3    Str:  8 (9)  XL:     5   Next: 9%
Magic:  6/8        EV: 20    Int: 14      God:    Lugonu [**....]
Gold:   95         SH:  0    Dex: 21      Spells: 4/4 levels left

rFire   . . .      SeeInvis +   a - +1 short sword
rCold   + . .      Faith    .   (no shield)
rNeg    . . .      Spirit   .   b - +0 robe
rPois   .          Reflect  .   (helmet restricted)
rElec   .          Harm     .   f - +0 cloak
rCorr   .          Rampage  .   (gloves unavailable)
Will    .....                   (boots unavailable)
Stlth   ++........              (no amulet)
HPRegen 0.09/turn               k - ring of protection from cold
MPRegen 0.11/turn               c - +6 ring of dexterity

@: lethally poisoned (3 -> -2), very quick
A: very small, no large weapons, unfitting armour, see invisible, speed 3
a: Renounce Religion, Depart the Abyss, Bend Space


You were on level 3 of the Dungeon.
You worshipped Lugonu.
Lugonu was pleased with you.
You visited 1 branch of the dungeon, and saw 3 of its levels.
You visited the Abyss 1 time.

You collected 95 gold pieces.

Inventory:

Hand Weapons
 a - a +1 short sword (weapon)
Armour
 b - a +0 robe (worn)
 f - a +0 cloak (worn)
 i - a +0 buckler
Jewellery
 c - a +6 ring of dexterity (right hand)
 k - a ring of protection from cold (left hand)
 l - a ring of resist corrosion
Scrolls
 d - 2 scrolls of identify {unknown}
 e - a scroll of brand weapon {unknown}
 g - 3 scrolls of teleportation {unknown}
 h - a scroll of enchant armour {unknown}
 j - a scroll of acquirement {unknown}


   Skills:
 + Level 2.9 Fighting
 + Level 3.3 Short Blades
 + Level 4.7 Dodging
 + Level 1.6 Stealth
 * Level 0.5 Shields
 * Level 2.7 Invocations


You had 4 spell levels left.
You didn't know any spells.
Your spell library contained the following spells:

 Spells                   Type           Power      Damage    Failure   Level
 Gell's Gravitas          Tloc           0%         N/A       65%         3
 Teleport Other           Tloc           0%         N/A       65%         3
 Dispersal                Tloc           0%         N/A       100%        6


Dungeon Overview and Level Annotations

Branches:
Dungeon (3/15)

Altars:
Makhleb
Vehumet


Innate Abilities, Weirdness & Mutations

You are very small and have problems with some larger weapons.
You are too small for most types of armour.
You have supernaturally acute eyesight. (SInv)
You cover ground extremely quickly. (Speed+++)


Message History

The orc wizard closely misses you.
You hit the orc wizard.
The orc wizard is heavily wounded.
The orc wizard barely misses you.
You hit the orc wizard but do no damage.
The orc wizard is heavily wounded.
You barely miss the orc wizard.
The orc wizard is heavily wounded.
The orc wizard completely misses you.
You miss the orc wizard.
The orc wizard is heavily wounded.
The orc wizard hits you with a +0 dagger.
You hit the orc wizard.
The orc wizard is almost dead.
The orc wizard closely misses you.
You hit the orc wizard but do no damage.
The orc wizard is almost dead.
The orc wizard misses you.
You hit the orc wizard but do no damage.
The orc wizard is almost dead.
The orc wizard hits you with a +0 dagger.
You closely miss the orc wizard.
The orc wizard is almost dead.
The orc wizard casts a spell at you. The magic dart hits you.
* * * LOW HITPOINT WARNING * * *
You hit the orc wizard.
You kill the orc wizard!
Lugonu accepts your kill.
You have reached level 5!
You feel clever.
You hit the orc wizard but do no damage.
The orc wizard hits you with a +0 dagger of venom.
* * * LOW HITPOINT WARNING * * *
You are lethally poisoned!
* * * LOW HITPOINT WARNING * * *
You feel sick.
You aren't carrying any potions.
Unknown command.
Are you sure you want to abandon this character and quit the game? (Confirm with "yes".)

#.###.# #.# #.# ##########
###.###.## #........# .........#
#........# ##.####### #........#
#.# ##################........#
##.####........#................#
................................'
##.####.######.#@####.##........#
##.# #.######.#.# #.##........#
##.# #..[)..#.#o# #.##........#
##.#########.#.#.# #.......#####
##....# ####..#.####.#######
......# #..####....#+### #
......# +...####.......# #
......# #....###.......# ##
......# #.....##.......# #.


You could see an orc wizard (invisible).

Vanquished Creatures
  4 orc wizards (D:3)
  3 adders
  2 dart slugs
  2 endoplasms
  2 goblins
  5 kobolds
  A quokka (D:1)
  7 ball pythons
  5 bats
  4 frilled lizards
  5 rats
40 creatures vanquished.

Notes
Turn   | Place    | Note
-------+----------+-------------------------------------------
     0 | Abyss:1  | lordive the Spriggan Abyssal Knight began the quest for the
                  | Orb.
     0 | Abyss:1  | Reached XP level 1. HP: 11/11 MP: 3/3
    69 | D:1      | Escaped the Abyss
   580 | D:1      | Reached XP level 2. HP: 16/16 MP: 4/4
   646 | D:1      | Found a faded altar of an unknown god.
  1775 | D:2      | Found a burning altar of Makhleb.
  1803 | D:2      | Noticed an ogre
  1873 | D:3      | Reached ** piety under Lugonu
  1900 | D:3      | Reached XP level 3. HP: 17/19 MP: 5/5
  2246 | D:2      | Reached skill level 4 in Dodging
  2579 | D:3      | Found a radiant altar of Vehumet.
  3371 | D:3      | Reached skill level 1 in Stealth
  3446 | D:3      | Reached XP level 4. HP: 19/23 MP: 6/6
  3717 | D:3      | Reached XP level 5. HP: 8/28 MP: 6/8
  3719 | D:3      | Quit the game

Illustrated notes

Levels and vault maps discovered:
D:1:      lemuel_arrival_hallway, layout_basic,
          nicolae_ecumenical_snake_handling
D:2:      layout_loops_cross, basic_altar
D:3:      minmay_diamond_boxcup, layout_basic, palyth_temple_overflow_mages,
          minmay_parallelograms

Skill      XL: |  1  2  3 |
---------------+----------+-----
Invocations    | 2 |  2.7
Dodging        | 4 |  4.7
Stealth        | 1 |  1.6
Short Blades   | 3 |  3.3
Fighting       | |  2.9
Shields        | |  0.5

Action                   |  1- 3 |  4- 6 || total
-------------------------+-------+-------++-------
Melee: Short sword       |   140 |    33 ||   173
       Punch             |     1 |     1 ||     2
  Use: Potion            |     3 |       ||     3
 Stab: Sleeping          |     2 |       ||     2
Armor: Robe              |    13 |     2 ||    15
Dodge: Dodged            |   135 |    19 ||   154

Table legend: (Time is in decaauts)
 A = Elapsed time spent in this place.
 B = Non-inter-level travel time spent in this place.
 C = Inter-level travel time spent in this place.
 D = Time resting spent in this place.
 E = Time spent auto-exploring this place.
 F = Levels seen in this place.
 G = Mean time per level.
                   A        B        C        D        E       F      G
               +--------+--------+--------+--------+--------+-----+--------+
         Total |   3161 |   3126 |     35 |   1422 |   1226 |   4 |  790.2 |
       Dungeon |   3119 |   3084 |     35 |   1422 |   1188 |   3 | 1039.7 |
         Abyss |     41 |     41 |      0 |      0 |     38 |   1 |   41.0 |
               +--------+--------+--------+--------+--------+-----+--------+

Top non-repeatable levels by time:
     D:1: 1423 daAuts
     D:3: 878 daAuts
     D:2: 818 daAuts
 Abyss:1: 41 daAuts
